 Dungeon Crawl Stone Soup version 0.21.0-3-g78d12a8 (console) character file.

356 hilaritas the Slasher (level 6, -2/49 HPs)
             Began as a Barachi Fighter on Jan 12, 2018.
             Slain by an ogre
             ... wielding a +0 giant club
              (14 damage)
             ... on level 5 of the Dungeon.
             The game lasted 00:12:56 (4967 turns).

hilaritas the Slasher (Barachi Fighter)             Turns: 4967, Time: 00:12:56

Health: -2/49      AC:  6    Str: 20    XL:     6   Next: 63%
Magic:  6/6        EV:  7    Int:  8    God:
Gold:   216        SH: 10    Dex: 11    Spells: 5/5 levels left

rFire    . . .     SeeInvis .   a - +1 long sword
rCold    . . .     Gourm    .   c - +1 shield
rNeg     . . .     Faith    .   b - +0 scale mail
rPois    .         Spirit   .   v - +0 hat
rElec    .         Reflect  .   (no cloak)
rCorr    .         Harm     .   (no gloves)
MR       .....                  (no boots)
Stlth    ..........             (no amulet)
HPRegen  0.16/turn              (no ring)
MPRegen  0.10/turn              (no ring)

@: slow
A: +LOS, swims, slowness 1, strong legs 1
a: Hop


You were on level 5 of the Dungeon.
You were hungry.

You visited 1 branch of the dungeon, and saw 5 of its levels.

You collected 216 gold pieces.

Inventory:

Hand Weapons
 a - a +1 long sword (weapon)
 m - a +1 dagger of draining
Armour
 b - a +0 scale mail (worn)
 c - a +1 shield (worn)
 v - a +0 hat (worn)
Jewellery
 w - an uncursed ring of magical power
Wands
 r - a wand of random effects (29)
Scrolls
 o - 2 scrolls of amnesia
 p - 4 scrolls of magic mapping
 t - 3 scrolls of teleportation
 u - a scroll of remove curse
Potions
 d - a potion of might
 e - a potion of lignification
 g - 2 potions of resistance
 h - a potion of berserk rage
 i - 2 potions of curing
 j - a potion of invisibility
 k - a potion of haste
 l - a potion of agility
 n - 3 potions of heal wounds
 s - a potion of degeneration {unknown}
Comestibles
 f - 11 rations
 q - a chunk of flesh


   Skills:
 + Level 4.6 Fighting
 * Level 6.6 Long Blades
 - Level 3.6 Armour
 + Level 4.8 Shields


You had 5 spell levels left.
You didn't know any spells.

Dungeon Overview and Level Annotations

Branches:
Dungeon (5/15)
 Temple: D:4-7

Altars:
Elyvilon
Fedhas


Innate Abilities, Weirdness & Mutations

Shadows flee at your approach. (+LOS)
You can swim through water.
You cover ground slowly.
You can hop short distances.


Message History

You hit the centaur but do no damage.
The centaur hits you but does no damage. x2
You closely miss the centaur. The centaur hits you!
You block the centaur's attack.
You closely miss the centaur. You block the centaur's attack.
Your shield and scale mail prevent you from hitting the centaur.
The centaur barely misses you.
You riposte.
You barely miss the centaur. The centaur hits you.
You slash the centaur!
The centaur is heavily wounded.
You block the centaur's attack.
The centaur hits you but does no damage.
You slash the centaur!
The centaur is severely wounded.
You are feeling hungry.
The centaur hits you.
You slash the centaur!
You kill the centaur!
The ogre hits you with a giant club!
You die...

################## #
...................>#
....###.....##.#....
#..........##.##.#.###
#..####.#.รท...........
#..####......<.....#.
#.....@...............
#....#####O#.......#####.
## #.##.#.#..#
#.#####(...#.##...
#.....(..###.# ##.#
#........# ### .#
...........# #
###........# ..........#
.##........# #....[....


You could see an ogre.

Vanquished Creatures
  A centaur (D:5)
  A hound (D:4)
  2 orc wizards (D:4)
  7 adders
  An adder skeleton (D:4)
  4 worms
  3 dart slugs
  3 leopard geckos
  4 orcs
  8 bats
  2 giant cockroaches
  7 hobgoblins
  14 jackals
  4 quokkas
  A ball python (D:4)
  4 frilled lizards
  15 goblins
  2 jackal skeletons (D:4)
  12 kobolds
  11 rats
106 creatures vanquished.

Notes
Turn   | Place    | Note
-------+----------+-------------------------------------------
     0 | D:1      | hilaritas the Barachi Fighter began the quest for the Orb.
     0 | D:1      | Reached XP level 1. HP: 18/18 MP: 1/1
   204 | D:1      | Reached XP level 2. HP: 23/25 MP: 2/2
   481 | D:1      | Reached skill level 3 in Long Blades
   611 | D:1      | Reached XP level 3. HP: 30/30 MP: 3/3
  1597 | D:2      | Reached XP level 4. HP: 37/37 MP: 4/4
  1637 | D:2      | Reached skill level 4 in Long Blades
  3201 | D:3      | Reached XP level 5. HP: 42/42 MP: 5/5
  3679 | D:3      | Reached skill level 5 in Long Blades
  4259 | D:4      | Found a white marble altar of Elyvilon.
  4475 | D:4      | Reached XP level 6. HP: 49/49 MP: 6/6
  4486 | D:4      | Reached skill level 6 in Long Blades
  4692 | D:4      | Found a blossoming altar of Fedhas.
  4864 | D:5      | Entered Level 5 of the Dungeon
  4967 | D:5      | Slain by an ogre

Skill      XL: |  1  2  3  4  5  6 |
---------------+-------------------+-----
Fighting       | 4 |  4.6
Long Blades    | 3 4 5 6 |  6.6
Shields        | 4 |  4.8
Armour         | |  3.6

Action                   |  1- 3 |  4- 6 || total
-------------------------+-------+-------++-------
Melee: Long sword        |   178 |   313 ||   491
  Use: Scroll            |     6 |     9 ||    15
       Potion            |       |     1 ||     1
  Eat: Chunk             |     3 |    12 ||    15
Armor: Scale mail        |    80 |   115 ||   195
Dodge: Dodged            |    59 |    71 ||   130
Block: Shield            |   116 |   177 ||   293
       Rpst.: Long sword |    22 |    14 ||    36
